Map: Dusty Gorge

Players

Canips - Winner!

  • Race: Terran Terran
  • Spawn Location: 5:00

Adversity - Winner!

  • Race: Terran Terran
  • Spawn Location: 3:00

Waloo

  • Race: Protoss Protoss
  • Spawn Location: 9:00

BruceLee

  • Race: Terran Terran
  • Spawn Location: 11:00

VOD

Have the link to the VOD?

Description

Time

  • Played on: July 12, 2018, 3:24 p.m.
  • Length: 4:09
Show
View Real Time Build Order
Export as new Build Order

Canips Terran - Winner!

Build Orders: 1/1/1, Cyclone Opening 

Get SALT Encoding   

  12  0:01  SCV  
  13  0:13  SCV  
  14  0:24  Supply Depot  
  14  0:25  SCV  
  15  0:32  Refinery  
  15  0:46  SCV  
  15  0:47  Barracks  
  16  0:58  SCV  
  17  1:10  SCV  
  18  1:22  SCV  
  19  1:26  Refinery  
  19  1:30  Supply Depot  
  19  1:34  SCV  
  19  1:36  Factory  
  20  1:45  Marine  
  20  1:46  SCV  
  22  1:55  Supply Depot  
  22  1:58  SCV  
  23  2:11  SCV  
  24  2:20  Factory Reactor  
  24  2:23  Starport  
  24  2:26  Marine  
  25  2:41  Bunker  
  25  2:44  Supply Depot  
  25  2:45  Supply Depot  
  25  2:56  Cyclone  
  28  3:04  Cyclone  
  30  3:13  Marine  
  27  3:54  SCV  
Show
View Real Time Build Order
Export as new Build Order

Adversity Terran - Winner!

Build Orders:  

Get SALT Encoding   

  12  0:00  SCV  
  13  0:12  SCV  
  14  0:18  Supply Depot  
  14  0:25  SCV  
  15  0:29  Refinery  
  15  0:40  SCV  
  16  0:46  Barracks  
  16  0:52  SCV  
  17  1:04  SCV  
  18  1:14  Barracks  
  18  1:16  SCV  
  19  1:25  Barracks  
  19  1:33  Reaper  
  20  1:40  Orbital Command  
  20  1:49  Supply Depot  
  20  2:02  Refinery, Reaper  
  21  2:09  Reaper  
  21  2:13  SCV  
  21  2:14  Reaper  
  24  2:23  Supply Depot  
  24  2:27  SCV  
  25  2:34  Reaper  
  26  2:41  Reaper  
  27  2:50  Reaper  
  27  2:51  SCV  
  29  3:03  Bunker  
  29  3:04  SCV  
  30  3:06  Reaper  
  31  3:13  Command Center  
  31  3:20  Reaper  
  31  3:22  SCV  
  31  3:26  Reaper  
  35  3:47  SCV  
  37  3:58  Barracks, Supply Depot  
  37  3:59  Barracks  
Show
View Real Time Build Order
Export as new Build Order

Waloo Protoss 

Build Orders:  

Get SALT Encoding   

  12  0:00  Probe  
  13  0:12  Probe  
  14  0:18  Pylon  
  14  0:25  Probe  
  15  0:34  Probe  
  15  0:42  Gateway, Probe  
  17  0:52  Probe  
  17  0:53  Assimilator  
  18  1:03  Probe  
  18  1:11  Probe  
  19  1:13  Assimilator  
  20  1:19  Probe  
  20  1:23  Gateway  
  21  1:32  Cybernetics Core  
  21  1:33  Probe  
  22  1:41  Pylon  
  22  1:50  Probe  
  22  1:52  Pylon  
  23  2:00  Warp Gate  
  23  2:09  Adept  
  25  2:18  Twilight Council  
  25  2:26  Stalker  
  27  2:32  Gateway  
  27  2:46  Stalker  
  29  2:55  Gateway  
  27  3:08  Stalker  
  29  3:15  Stalker  
  25  4:02  Stalker  
  26  4:04  Pylon  
Show
View Real Time Build Order
Export as new Build Order

BruceLee Terran 

Build Orders:  

Get SALT Encoding   

  12  0:01  SCV  
  13  0:13  SCV  
  14  0:20  Supply Depot  
  14  0:27  SCV  
  15  0:53  Barracks  
  15  0:54  Barracks  
  15  1:00  Refinery  
  15  1:08  Refinery  
  15  1:09  SCV  
  16  1:21  SCV  
  17  1:33  SCV  
  17  1:36  Supply Depot  
  18  1:50  Barracks Tech Lab  
  18  1:53  Barracks Tech Lab  
  18  2:09  Marauder  
  18  2:12  Marauder, Concussive Shells  
  22  2:22  Orbital Command  
  22  2:32  Supply Depot  
  22  2:48  Marauder x2  
  26  3:09  Marauder x2  
  30  3:31  Marauder x2  
  21  3:54  SCV  
Tags
 
Add a new tag
Caveats
  • Supply blocks, unpowered buildings, or Contaminate may cause inaccurate times.
  • Supply counts are checked every 10 seconds.